AoeStats
← czk5959

Arena

507887202Analyzed
2v2 RM · 12d ago on Sep 20, 2026· 49m 39s· 4 players
Game mode
Random Map
Map size
Medium (4 player)
Population
200
Speed
Normal
Resources
Standard
Victory
Conquest
Starting age
Dark Age
Ending age
Imperial Age
RankedLock teamsTeams togetherTeam positionsShared explorationLock speedFull tech treeHidden civsTurbo modeCheats
Victory
Defeat
🇺🇸 Wei · United States
1277
+17
🇲🇽 Ethiopians · Mexico
1192
+19
🇺🇸 Hindustanis · United States
1287
-18
🇺🇸 Turks · United States
1287
-18
Ux'gödel
10:01 Feudal Age
10:13 Loom
11:08 Double-Bit Axe
11:32 Horse Collar
15:18 Castle Age
14:16 Gold Mining
17:47 Bow Saw
19:46 Scale Barding Armor
26:40 Imperial Age
25:03 Stone Mining
25:36 Heavy Plow
26:36 Chain Barding Armor
34:26 Forging
37:17 Scale Mail Armor
41:26 Pikeman
42:07 Squires
41:52 Arson
45:39 Chain Mail Armor
47:00 Halberdier
48:49 Iron Casting
50:54 Blast Furnace
Nono
10:29 Feudal Age
14:08 Castle Age
13:05 Double-Bit Axe
20:20 Forging
29:20 Imperial Age
27:12 Horse Collar
28:43 Fletching
28:53 Padded Archer Armor
29:29 Bow Saw
31:13 Chemistry
30:34 Ballistics
31:47 Wheelbarrow
31:37 Loom
31:55 Crossbowman
33:16 Conscription
33:37 Bodkin Arrow
34:11 Hand Cart
35:29 Leather Archer Armor
35:21 Gold Mining
36:35 Two-Man Saw
35:38 Arbalester
37:49 Thumb Ring
37:47 Bracer
38:31 Heavy Plow
39:08 Gold Shaft Mining
38:24 Stone Mining
39:14 Ring Archer Armor
41:04 Iron Casting
40:29 Scale Mail Armor
40:23 Halberdier
41:04 Squires
40:50 Arson
46:22 Blast Furnace
45:37 Chain Mail Armor
46:09 Torsion Engines
49:28 Plate Mail Armor
czk5959
11:26 Feudal Age
15:17 Castle Age
14:07 Loom
14:29 Double-Bit Axe
18:01 Horse Collar
26:31 Imperial Age
25:26 Scale Barding Armor
26:58 Chain Barding Armor
28:33 Bloodlines
28:43 Heavy Camel Rider
39:55 Forging
41:24 Artillery
45:28 Iron Casting
45:29 Plate Barding Armor
Carver605
10:45 Feudal Age
14:37 Castle Age
12:40 Double-Bit Axe
13:08 Horse Collar
19:30 Wheelbarrow
18:48 Town Watch
18:49 Loom
23:50 Fletching
31:28 Imperial Age
29:52 Bow Saw
30:31 Light Cavalry
31:25 Bloodlines
31:16 Husbandry
33:10 Chemistry
32:14 Padded Archer Armor
33:17 Leather Archer Armor
33:28 Conscription
34:38 Scale Barding Armor
35:48 Shatagni
37:10 Ring Archer Armor
36:56 Forging
37:04 Hand Cart
38:36 Grand Trunk Road
39:04 Chain Barding Armor
39:29 Siege Engineers
40:04 Iron Casting
39:11 Hussar
43:33 Blast Furnace
42:33 Scale Mail Armor
43:29 Squires
43:15 Arson
47:59 Chain Mail Armor
48:03 Elite Ghulam
Connection lost

Rejoining the realm…

Still unreachable

The connection could not be restored.

Session expired

The server has moved on; the page needs a fresh start.